 Dungeon Crawl Stone Soup version 0.31.0-32-g396128a36d (webtiles) character file.

Game seed: 14179920152962037821

430 adizb the Shooter (level 6, -1/38 HPs)
             Began as a Tengu Hunter on Apr 10, 2024.
             Slain by an orc warrior
             ... wielding a +2 mace of protection
              (14 damage)
             ... on level 5 of the Dungeon.
             The game lasted 00:15:24 (2779 turns).

adizb the Shooter (Tengu Hunter)                    Turns: 2779, Time: 00:15:25

Health: -1/38      AC:  7    Str: 11      XL:     6   Next: 99%
Magic:  7/7        EV: 12    Int:  9      God:
Gold:   46         SH:  0    Dex: 19 (20) Spells: 5/5 levels left

rFire   . . .        s - +0 arbalest
rCold   . . .        (shield currently unavailable)
rNeg    . . .        l - +0 ring mail
rPois   .            (helmet restricted)
rElec   .            a - +0 cloak
rCorr   .            i - +0 pair of gloves
SInv    +            (boots unavailable)
Will    .....        (no amulet)
Stlth   ++           o - ring of see invisible
HPRegen 0.26/turn    (no ring)
MPRegen 0.10/turn

%: acrobat
@: no status effects
A: beak, talons 3, acrobatic
a: no special abilities


You were on level 5 of the Dungeon.
You visited 1 branch of the dungeon, and saw 5 of its levels.

You collected 143 gold pieces.
You spent 97 gold pieces at shops.

Inventory:

Hand Weapons
 s - a +0 arbalest (weapon)
Armour
 a - a +0 cloak (worn)
 c - a +0 leather armour
 i - a +0 pair of gloves (worn)
 l - a +0 ring mail (worn)
Magical Staves
 h - a staff of cold
Jewellery
 o - a ring of see invisible (left hand)
Wands
 q - a wand of polymorph (3)
Scrolls
 b - a scroll of summoning {unknown}
 d - a scroll of blinking
 f - 3 scrolls of fear {unknown}
 j - a scroll of identify {unknown}
 k - a scroll of poison
 m - a scroll of fog {unknown}
 n - a scroll of noise {unknown}
 p - 2 scrolls of silence {unknown}
 t - a scroll of revelation {unknown}
 u - a scroll of teleportation {unknown}
Potions
 e - a potion of enlightenment {unknown}
 g - 2 potions of lignification {unknown}
 r - a potion of curing


   Skills:
 + Level 3.7 Fighting
 * Level 5.9 Ranged Weapons
 + Level 2.3 Armour
 + Level 4.0 Dodging
 + Level 3.1 Stealth


You had 5 spell levels left.
You didn't know any spells.
Your spell library contained the following spells:

 Spells                   Type           Power      Damage    Failure   Level
 Foxfire                  Conj/Fire      0%         2x1d4     67%         1
 Necrotise                Necr           0%         1d4       67%         1
 Vampiric Draining        Necr           0%         2d6       96%         3
 Martyr's Knell           Necr/Summ      0%         N/A       100%        4
 Curse of Agony           Necr           0%         N/A       100%        5
 Plasma Beam              Fire/Air       0%         2x1d10    100%        6
 Starburst                Conj/Fire      0%         6d3       100%        6


Dungeon Overview and Level Annotations

Branches:
Dungeon (5/15)
 Temple: D:4-7

Altars:
Wu Jian

Shops:
D:3 ?   D:5 *

Annotations:
D:4 3 runed translucent doors, Dowan; Duvessa; SchramBam's ghost, novice VSNe


Innate Abilities, Weirdness & Mutations

You have a beak for a mouth.
You have claws for feet.
You can magically evade attacks while moving or waiting.


Message History

The orc wizard casts a spell at you. The puff of flame hits you!
Fire: s) +0 arbalest
Press: ? - help, Q - select action, (/) - cycle Shift-Dir - straight line, f/p - orc wizard
Aim: an orc wizard, wielding a +0 dagger and wearing a +0 robe (moderately wounded, 51% to hit)
You shoot a bolt.
The bolt hits the orc warrior but does no damage.
The orc warrior is heavily wounded.
Fire: s) +0 arbalest
Press: ? - help, Q - select action, (/) - cycle Shift-Dir - straight line, f - orc warrior, p - orc wizard
Aim: an orc warrior, wielding a +2 mace of protection and wearing a +0 plate armour (heavily wounded, 59% to hit)
You shoot a bolt. The bolt hits the orc warrior.
The orc warrior is heavily wounded.
The orc warrior hits you with a +2 mace of protection.
Okay, then.
Okay, then.
Fire: s) +0 arbalest
Press: ? - help, Q - select action, (/) - cycle Shift-Dir - straight line, f - orc wizard, p - orc warrior
Aim: an orc wizard, wielding a +0 dagger and wearing a +0 robe (moderately wounded, 51% to hit)
You shoot a bolt.
The bolt closely misses the orc warrior.
The bolt hits the orc wizard!
You kill the orc wizard!
The orc warrior hits you with a +2 mace of protection.
Unknown command.
Fire: s) +0 arbalest
Press: ? - help, Q - select action, (/) - cycle Shift-Dir - straight line, f - orc warrior
Aim: an orc warrior, wielding a +2 mace of protection and wearing a +0 plate armour (heavily wounded, 59% to hit)
You shoot a bolt. The bolt hits the orc warrior!
The orc warrior is severely wounded.
The orc warrior hits you with a +2 mace of protection.
The orc warrior hits you with a +2 mace of protection!
The orc hits you but does no damage.
Fire: s) +0 arbalest
Press: ? - help, Q - select action, (/) - cycle Shift-Dir - straight line, f/p - orc warrior
Aim: an orc warrior, wielding a +2 mace of protection and wearing a +0 plate armour (severely wounded, 59% to hit)
You shoot a bolt.
The bolt closely misses the orc warrior.
The orc warrior hits you with a +2 mace of protection!
You die...

.......# ......# ..... ...
##'##### ########.#.# #......#
....).....#.###.)....#
.............##oo....# #######
.............##.@....# #......
.............##......# #.#####
.............###'##### #.#
.............###.# #.#
.................# #.#
##..............# #.#
#..............# #.#####
#..............##########....))
#..........................####


You could see an orc warrior and an orc.

Vanquished Creatures
  Eustachio (D:5)
  2 scorpions (D:5)
  A hound (D:5)
  An iguana (D:5)
  An orc wizard (D:5)
  2 adders
  A ribbon worm (D:2)
  3 dart slugs
  6 orcs
  6 ball pythons
  3 bats (D:2)
  5 endoplasms
  4 giant cockroaches
  6 goblins
  2 hobgoblins
  3 jackals (D:2)
  4 quokkas
  2 frilled lizards
  7 kobolds
  4 rats
64 creatures vanquished.

Notes
Turn   | Place    | Note
-------+----------+-------------------------------------------
     0 | D:1      | adizb the Tengu Hunter began the quest for the Orb.
     0 | D:1      | Reached XP level 1. HP: 12/12 MP: 2/2
   164 | D:1      | Reached XP level 2. HP: 17/17 MP: 3/3
   377 | D:1      | Reached XP level 3. HP: 22/22 MP: 4/4
   551 | D:1      | Found Bemupo's Vocational Training.
  1152 | D:2      | Reached XP level 4. HP: 12/27 MP: 5/5
  1279 | D:2      | Found an ornate altar of the Wu Jian Council.
  1975 | D:3      | Found Xoty's Magic Scroll Emporium.
  1980 | D:3      | Bought a scroll of blinking for 97 gold pieces
  2323 | D:4      | Found a runed translucent gate.
  2323 | D:4      | Found a runed translucent gate.
  2323 | D:4      | Found a runed translucent gate.
  2331 | D:4      | Noticed SchramBam's ghost (novice VSNe)
  2442 | D:4      | Noticed Duvessa
  2442 | D:4      | Noticed Dowan
  2457 | D:5      | Entered Level 5 of the Dungeon
  2459 | D:5      | Noticed a scorpion
  2462 | D:5      | Killed a scorpion
  2463 | D:5      | Reached skill level 5 in Ranged Weapons
  2463 | D:5      | Reached skill level 1 in Armour
  2463 | D:5      | Reached XP level 5. HP: 32/32 MP: 6/6
  2482 | D:5      | Noticed Eustachio
  2546 | D:5      | Killed Eustachio
  2547 | D:5      | Reached XP level 6. HP: 24/37 MP: 7/7
  2623 | D:5      | Found Cerurec's Assorted Antiques.
  2769 | D:5      | Noticed an orc warrior
  2779 | D:5      | Slain by an orc warrior

Illustrated notes

Levels and vault maps discovered:
D:1:      dpeg_arrival_signposts, layout_loops_ring,
          chequers_serial_rivers_small_b, nicolae_shop_vocational
D:2:      layout_loops_ring, basic_altar
D:3:      layout_basic, serial_shops, shop_fountains
D:4:      layout_basic, gammafunk_ghost_necromancy, uniq_duvessa
D:5:      layout_basic, serial_shops,
          nicolae_shop_temple_entry_statues_fountains, uniq_crazy_yiuf_cottage,
          uniq_eustachio

Skill      XL: |  1  2  3  4  5  6 |
---------------+-------------------+-----
Dodging        | 3 4 |  4.0
Stealth        | 2 3 |  3.1
Fighting       | 3 |  3.7
Ranged Weapons | 5 |  5.9
Armour         | 1 2 |  2.3

Action                     |  1- 3 |  4- 6 || total
---------------------------+-------+-------++-------
  Melee: Unarmed           |       |    11 ||    11
   Fire: Shortbow          |   116 |    29 ||   145
         Arbalest          |       |    54 ||    54
    Use: Scroll            |     1 |     2 ||     3
         Potion            |       |     2 ||     2
   Stab: Confused          |       |     1 ||     1
 Armour: Leather armour    |    20 |       ||    20
         Ring mail         |     7 |    29 ||    36
         Skin              |       |     8 ||     8
  Dodge: Dodged            |    46 |    56 ||   102
